 Dungeon Sprint DCSS version 0.31-a0-365-gcf821cafb2 (webtiles) character file.

Game seed: 799639209507658896

537 rocky1 the Ruffian (level 6, -4/56 HPs)
             Began as a Demigod Shapeshifter on July 28, 2023.
             Slain by a warg (7 damage)
             ... in the Dungeon (Sprint VII: "The Pits").
             The game lasted 00:01:25 (775 turns).

rocky1 the Ruffian (Demigod Shapeshifter)            Turns: 775, Time: 00:01:26

Health: -4/56      AC: 12    Str: 16    XL:     6   Next: 75%
Magic:  8/8        EV:  9    Int: 18    God:
Gold:   0          SH:  0    Dex: 14    Spells: 5/5 levels left

rFire   . .          .
                       - Unarmed
rCold   . . .        (no shield)
rNeg    . . .        m - +3 chain mail
rPois   .            (helmet currently unavailable)
rElec   .            (cloak currently unavailable)
rCorr   .            (gloves currently unavailable)
SInv    .            (boots currently unavailable)
Will    .....        (no amulet) Stlth
                     (no ring)
HPRegen 0.29/turn    (no ring)
MPRegen 0.11/turn

%: no teleportation
@: beast-form, on berserk cooldown, slowed, very slow
A: beast (slay +4), high MP 1, forlorn, divine attributes
a: Begin Untransformation


You were in the Dungeon.
You were a hulking beast.
You visited 1 branch

Inventory:

Armour
 a - a +0 animal skin
 m - a +3 chain mail (worn)
Talismans
 c - a beast talisman
Scrolls
 i - a scroll of blinking
 k - 5 scrolls of amnesia
 l - a scroll of summoning
Potions
 b - a potion of lignification
 d - 6 potions of curing
 e - 6 potions of heal wounds
 f - a potion of haste
 g - 4 potions of magic
 h - a potion of berserk rage
 j - 2 potions of invisibility


   Skills:
 + Level 5.3 Fighting
 + Level 5.1 Armour
 + Level 5.4 Dodging
 * Level 7.9 Unarmed Combat
 * Level 6.7 Shapeshifting


You had 5 spell levels left.
You didn't know any spells.
Your spell library was empty.

Dungeon Overview and Level Annotations

Branches:
Dungeon (1/1)


Innate Abilities, Weirdness & Mutations

You are a hulking beast.
Your limbs bulge with bestial killing power. (Slay +4)
You have an increased reservoir of magic. (+10% MP)
You shall have no god before yourself.
Your divine heritage dramatically boosts your attributes as you level up.


Message History

Your Armour skill increases to level 5!
Your Dodging skill increases to level 5!
The warg bites you.
The centaur unwields a +0 shortbow.
The centaur hits you but does no damage.
The centaur kicks you but does no damage.
There is an open door, spattered with blood here.
You hit the centaur.
The centaur is moderately wounded.
The warg bites you!
* * * LOW HITPOINT WARNING * * *
The centaur barely misses you.
The centaur kicks you but does no damage.
You punch the centaur!
The centaur is severely wounded.
The warg barely misses you.
You barely miss the centaur.
The centaur is severely wounded.
The centaur closely misses you.
The centaur kicks you but does no damage.
The warg closely misses you.
You punch the centaur!
You kill the centaur!
You punch the warg!
The warg is moderately wounded.
The warg bites you.
* * * LOW HITPOINT WARNING * * *
You punch the warg!
The warg is heavily wounded.
You closely miss the warg.
The warg is heavily wounded.
You are no longer berserk.
You are exhausted.
You feel yourself slow down. The warg bites you but does no damage.
You barely miss the warg.
The warg is heavily wounded.
The warg bites you!
* * * LOW HITPOINT WARNING * * *
An ogre comes into view. It is wielding a +0 giant club.
The warg bites you!
You die...

#.#.....#.[##.....
#.#.....#))#####'#
#.###'###))##.....
#.#.....#))##.....
#.#.....#..##.....
#.####รท##'###...<.
#.#...))...##.....
#.#........##.....
#h###########.....
#)h.....# ######
#.###...# #.# .#
#.# #.O #.. #..
####


You could see a warg and an ogre (wandering).

Vanquished Creatures
  A flying skull (D)
  Sigmund (D)
  A warg (D)
  A centaur (D)
  An adder (D)
  An ufetubus (D)
  A ball python (D)
  A giant cockroach (D)
  3 jackals (D)
  A quokka (D)
  A kobold (D)
  A rat (D)
14 creatures vanquished.

Notes
Turn   | Place    | Note
-------+----------+-------------------------------------------
     0 | D        | rocky1 the Demigod Shapeshifter began the quest for the
                  | Orb.
     0 | D        | Reached XP level 1. HP: 15/15 MP: 3/3
    14 | D        | Reached skill level 1 in Fighting
    66 | D        | Reached skill level 3 in Unarmed Combat
    80 | D        | Reached skill level 1 in Armour
   369 | D        | Noticed Sigmund
   376 | D        | Reached XP level 2. HP: 24/24 MP: 4/4
   386 | D        | Killed Sigmund
   387 | D        | Reached skill level 5 in Unarmed Combat
   387 | D        | Reached skill level 5 in Shapeshifting
   387 | D        | Reached XP level 3. HP: 15/33 MP: 5/5
   387 | D        | Reached XP level 4. HP: 18/40 MP: 6/6
   387 | D        | Reached XP level 5. HP: 21/46 MP: 7/7
   749 | D        | Noticed a flying skull
   749 | D        | Noticed a centaur
   750 | D        | Noticed a warg
   750 | D        | Noticed a warg
   760 | D        | Killed a flying skull
   761 | D        | Reached skill level 7 in Unarmed Combat
   761 | D        | Reached XP level 6. HP: 53/53 MP: 8/8
   766 | D        | Killed a warg
   767 | D        | Reached skill level 5 in Fighting
   767 | D        | Reached skill level 5 in Armour
   767 | D        | Reached skill level 5 in Dodging
   775 | D        | Slain by a warg

Illustrated notes

Levels and vault maps discovered:
D:        pitsprint [storerooms_1, entrance_room_1, metal_vault_6, armoury_3,
          mini_pit_1, grid_room_1, main_hall_1, silver_pit, the_coven_2,
          the_vestibule_1, steel_vault_1, golden_pit, hallway_of_sentries,
          crystal_vault_4, iron_vault_4, final_vault]

Skill      XL: |  1  2  3  4  5  6 |
---------------+-------------------+-----
Fighting       | 1 3 4 5 |  5.3
Dodging        | 2 4 5 |  5.4
Unarmed Combat | 3 5 7 |  7.9
Shapeshifting  | 3 5 6 |  6.7
Armour         | 1 3 4 5 |  5.1

Action                     |  1- 3 |  4- 6 || total
---------------------------+-------+-------++-------
  Melee: Unarmed           |    50 |    23 ||    73
         Punch             |       |     1 ||     1
    Use: Potion            |     1 |     1 ||     2
   Stab: Sleeping          |     1 |       ||     1
 Armour: Animal skin       |     9 |       ||     9
         Chain mail        |       |    10 ||    10
  Dodge: Dodged            |    51 |     9 ||    60

Table legend: (Time is in decaauts)
 A = Elapsed time spent in this place.
 B = Non-inter-level travel time spent in this place.
 C = Inter-level travel time spent in this place.
 D = Time resting spent in this place.
 E = Time spent auto-exploring this place.
 F = Levels seen in this place.
 G = Mean time per level.
                   A        B        C        D        E       F      G
               +--------+--------+--------+--------+--------+-----+--------+
         Total |    765 |    745 |     20 |    577 |      0 |   1 |  765.0 |
       Dungeon |    765 |    745 |     20 |    577 |      0 |   1 |  765.0 |
               +--------+--------+--------+--------+--------+-----+--------+

Top non-repeatable levels by time:
       D: 765 daAuts
